Unix NetHack Version 5.0.0-0 post-release - last build Jul 19 2026 19:10:59 (3aa4ab31751d3886436d94b585a96704892fd477,branch:main).

Game began 2026-07-28 03:26:21, ended 2026-07-28 03:28:45.

Jinnora, neutral female human Healer

                                       .|.
                                       ...h
                                       ..@)
                                        ...

Jinnora the Rhizotomist      St:10 Dx:8 Co:13 In:9 Wi:17 Ch:18  Neutral
Dlvl:3  $:1172 HP:0(15) Pw:5(5) AC:8  Xp:1/6 T:322 

Latest messages:
 In what direction? 2
 Whammm!!
 In what direction? 2
 Thwack!!
 In what direction? 2
 As you kick the door, it crashes open!
 You stop.  Your kitten is in the way!
 You swap places with your kitten.
 The kitten misses it.
 The kitten misses it.
 You already found a monster.  Use 'm' prefix to force another search.
 You already found a monster.  Use 'm' prefix to force another search.
 The kitten misses the grid bug.
 You already found a monster.  Use 'm' prefix to force another search.
 The grid bug bites!
 You get zapped!
 The kitten misses the grid bug.
 The grid bug bites!
 You get zapped!
 The kitten bites the grid bug.
 The kitten bites the grid bug.
 The grid bug is killed!
 You miss the grid bug.
 The grid bug bites!
 You get zapped!
 You kill the grid bug!
 You descend the stairs.
 You descend the stairs.
 You climb up the stairs.
 You descend the stairs.
 You hit the dwarf.
 The dwarf wields a pick-axe!
 You miss the dwarf.
 The dwarf swings his pick-axe.
 The dwarf hits!
 You hit the dwarf.
 The dwarf swings his pick-axe.
 The dwarf hits!
 What do you want to drink? [def or ?*] ?
 You feel much better.
 You hear some noises in the distance.
 You hit the dwarf.
 The dwarf swings his pick-axe.
 The dwarf hits!
 You hit the dwarf.
 The dwarf swings his pick-axe.
 The dwarf hits!
 You are hit by a dart.
 You die...
 Do you want your possessions identified? [ynq] (y) q

Inventory:
 Coins    ('$')
  $ - 1172 gold pieces
 Weapons  (')')
  a - an uncursed +0 scalpel (weapon in right hand)
 Armor    ('[')
  b - an uncursed +1 pair of leather gloves (being worn)
 Comestibles  ('%')
  k - 6 uncursed apples
 Spellbooks  ('+')
  i - a blessed spellbook of extra healing
  h - a blessed spellbook of healing
  m - an uncursed spellbook of sleep
  j - a blessed spellbook of stone to flesh
 Potions  ('!')
  f - 3 uncursed potions of extra healing
  e - a blessed potion of healing
  d - 5 uncursed potions of healing
 Wands    ('/')
  l - an uncursed wand of light (0:10)
  g - an uncursed wand of sleep (0:7)
 Tools    ('(')
  c - an uncursed stethoscope

Jinnora the Healer's attributes:

Background:
 You were a Rhizotomist, a level 1 female human Healer.
 You were neutral, on a mission for Hermes
 who was opposed by Athena (lawful) and Poseidon (chaotic).
 You were right-handed.
 You were in the Gnomish Mines, on level 3.
 You entered the dungeon 322 turns ago.
 It was nighttime.
 You had 6 experience points, 14 more were needed to attain level 2.

Basics:
 You had 0 out of 15 hit points.
 You had all 5 energy points (spell power).
 Your armor class was 8.
 Your wallet contained 1172 zorkmids.
 Autopickup was off.

Final Characteristics:
 Your strength was 10 (limit:18/100).
 Your dexterity was 8 (limit:18).
 Your constitution was 13 (limit:18).
 Your intelligence was 9 (limit:18).
 Your wisdom was 17 (limit:18).
 Your charisma was 18 (limit:18).

Final Status:
 You weren't hungry.
 You were unencumbered.
 You were wielding a knife.
 You had basic skill with knife.

Final Attributes:
 You were fervently aligned.
 You were poison resistant.
 You are dead.

Miscellaneous:
 You didn't encounter any bones levels.
 Total elapsed playing time was 2 minutes and 24 seconds.

Major events:
 Turn
    1: Jinnora the neutral female human Healer entered the dungeon
  313: entered the Gnomish Mines
  322: killed by a dart

Spells:
 Name                 Level Category     Fail Retention
 healing                1   healing        0%  91%-100%
 extra healing          3   healing       47%  91%-100%
 stone to flesh         3   healing       58%  91%-100%

Skills:
 Fighting Skills
   bare handed combat [Unskilled]
 Weapon Skills
   dagger             [Unskilled]
   knife              [Basic]
   short sword        [Unskilled]
   saber              [Unskilled]
   club               [Unskilled]
   mace               [Unskilled]
   quarterstaff       [Unskilled]
   polearms           [Unskilled]
   spear              [Unskilled]
   trident            [Unskilled]
   sling              [Unskilled]
   dart               [Unskilled]
   shuriken           [Unskilled]
   unicorn horn       [Unskilled]
 Spellcasting Skills
   healing spells     [Basic]

Voluntary challenges:
 Character rerolling was not enabled.
 You went without food.
 You were an atheist.
 You never genocided any monsters.
 You never polymorphed an object.
 You never changed form.
 You used no wishes.
Achievement:
 You entered the Gnomish Mines.

 The Dungeons of Doom: levels 1 to 2
    Level 1:
    Level 2:
       A fountain.
       Stairs down to The Gnomish Mines.
 The Gnomish Mines:
    Level 3: <- You were here.
       Final resting place for
          you, killed by a dart.


Vanquished creatures:
  a jackal
  a kobold
  a sewer rat
  2 grid bugs
  3 lichens
8 creatures vanquished.

No species were genocided or became extinct.

Game over:
                       ----------
                      /          \
                     /    REST    \
                    /      IN      \
                   /     PEACE      \
                  /                  \
                  |     Jinnora      |
                  |     1172 Au      |
                  | killed by a dart |
                  |                  |
                  |                  |
                  |                  |
                  |       2026       |
                 *|     *  *  *      | *
        _________)/\\_//(\/(/\)/\//\/|_)_______

Goodbye Jinnora the Healer...

You died in The Gnomish Mines on dungeon level 3 with 145 points,
and 1172 pieces of gold, after 322 moves.
You were level 1 with a maximum of 15 hit points when you died.

